 Dungeon Crawl Stone Soup version 0.25.1-2-g60ff931df9 (webtiles) character file.

Game seed: 726168227808402204

63 ElPutoDani the Grasshopper (level 3, 0/29 HPs)
             Began as a Centaur Warper on Oct 28, 2020.
             Was an Initiate of the Shining One.
             Slain by a worm (6 damage)
             ... on level 3 of the Dungeon.
             The game lasted 00:21:13 (3404 turns).

ElPutoDani the Grasshopper (Centaur Warper)         Turns: 3404, Time: 00:21:14

Health: 0/29       AC:  6    Str: 14    XL:     3   Next: 89%
Magic:  6/6        EV:  6    Int: 12    God:    the Shining One [......]
Gold:   70         SH:  6    Dex:  8    Spells: 2/6 levels left

rFire    . . .     SeeInvis .   a - +1 spear
rCold    . . .     Gourm    .   g - +0 kite shield
rNeg     . . .     Faith    .   x - +0 ring mail (curse)
rPois    .         Spirit   .   s - +0 hat
rElec    .         Reflect  .   w - scarf {harm}
rCorr    .         Harm     +   k - +0 pair of gloves
MR       .....                  (no barding)
Stlth    ..........             (no amulet)
HPRegen  0.09/turn              (no ring)
MPRegen  0.10/turn              (no ring)

@: glowing, very quick
A: large, hooves 3, deformed body, speed 2, tough skin 3
a: Renounce Religion


You were on level 3 of the Dungeon.
You worshipped the Shining One.
The Shining One was noncommittal.
You were hungry.

You visited 1 branch of the dungeon, and saw 3 of its levels.

You collected 70 gold pieces.

Inventory:

Hand Weapons
 a - a +1 spear (weapon)
 h - a +0 mace
 p - a +1 dagger of venom
 y - a +0 hunting sling
 B - a +0 flail
Missiles
 e - 5 boomerangs of dispersal (quivered)
 C - 34 stones
Armour
 b - a +0 leather armour
 g - a +0 kite shield (worn)
 k - a +0 pair of gloves (worn)
 l - +0 shadow dragon scales {sexy clothes}
 q - a +0 buckler
 s - a +0 hat (worn)
 t - a cursed +0 robe
 w - a scarf of harm (worn)
 x - a cursed +0 ring mail (worn)
 A - a +0 ring mail
Wands
 c - a wand of iceblast (6)
Scrolls
 d - 2 scrolls of blinking
 m - a scroll of enchant weapon
Potions
 i - a potion of cancellation {unknown}
 j - a potion of haste {unknown}
 r - a potion of mutation {unknown}
 v - 2 potions of lignification {unknown}
 z - a potion of stabbing {unknown}
Comestibles
 f - a ration


   Skills:
 + Level 2.2 Fighting
 + Level 2.2 Polearms
 + Level 1.5 Throwing
 + Level 1.2 Armour
 + Level 1.6 Dodging
 + Level 0.7 Shields
 + Level 2.0 Spellcasting
 + Level 2.8 Translocations


You had 2 spell levels left.
You knew the following spells:

 Your Spells              Type           Power        Failure   Level  Hunger
a - Blink                 Tloc           N/A          83%         2    ###....
b - Shroud of Golubria    Chrm/Tloc      #.....       95%         2    ###....

Your spell library contained the following spells:

 Spells                   Type           Power        Failure   Level  Hunger
 Gell's Gravitas          Tloc           #.........   97%         3    ####...
 Lesser Beckoning         Tloc           #.........   97%         3    ####...
 Teleport Other           Tloc           #.......     97%         3    ####...
 Passage of Golubria      Tloc           N/A          100%        4    #####..


Dungeon Overview and Level Annotations

Branches:
Dungeon (3/15)

Altars:
Okawaru
The Shining One


Innate Abilities, Weirdness & Mutations

You have hooves in place of feet.
Armour fits poorly on your strangely shaped body.
You cover ground very quickly.
You have extremely tough skin. (AC +3)


Message History

The adder is almost dead.
The adder bites you but does no damage.
You hit the adder.
You kill the adder!
Your shield prevents you from hitting the worm.
You block the worm's attack.
Your shield prevents you from hitting the worm.
You hit the worm. Your kick misses the worm.
The worm is moderately wounded.
The worm bites you!
You hit the worm.
The worm is heavily wounded.
The worm bites you!
* * * LOW HITPOINT WARNING * * *
You hit the worm but do no damage.
The worm is heavily wounded.
You hit the worm.
The worm is severely wounded.
The worm bites you.
You die...

........w.......#
....##.##.......#
...###.###.....##
#.####.# ##...##
.......# ##.##
#.###### #.# #'##
#.# ...##
###.##### ....##
#.....w@# .....##
#..##.#.# .....(#
#.. #.#.# ......+
### ..### ......#
#### .....##
.o..## ...##
#'####


You could see a worm.

Vanquished Creatures
  2 adders
  An ooze (D:1)
  A leopard gecko (D:1)
  5 bats
  5 giant cockroaches
  4 goblins
  3 hobgoblins
  A jackal (D:2)
  7 frilled lizards
  4 kobolds (D:1)
  8 rats
41 creatures vanquished.

Notes
Turn   | Place    | Note
-------+----------+-------------------------------------------
     0 | D:1      | ElPutoDani the Centaur Warper began the quest for the Orb.
     0 | D:1      | Reached XP level 1. HP: 17/17 MP: 3/3
   346 | D:1      | Reached XP level 2. HP: 10/24 MP: 4/4
   354 | D:1      | Learned a level 2 spell: Blink
   357 | D:1      | Learned a level 2 spell: Shroud of Golubria
  1515 | D:1      | Reached XP level 3. HP: 29/29 MP: 6/6
  2081 | D:2      | Found a glowing golden altar of the Shining One.
  2307 | D:2      | Became a worshipper of the Shining One
  2372 | D:2      | Reached skill level 1 in Armour
  2643 | D:2      | Found an iron altar of Okawaru.
  3404 | D:3      | Slain by a worm

Illustrated notes

Levels and vault maps discovered:
D:1:      minmay_arrival_three_doors, layout_basic, minmay_domino_4
D:2:      layout_basic, okawaru_ov_weapons_minmay, nicolae_tso_carved_into_rock,
          minmay_vboxes
D:3:      layout_loops_corners, gup_sewer_entry_bubbles,
          chequers_ecumenical_altar_island, uniq_jessica

Skill      XL: |  1  2  3 |
---------------+----------+-----
Spellcasting   | 2 |  2.0
Polearms       | 2 |  2.2
Armour         | 1 |  1.2
Fighting       | |  2.2
Throwing       | |  1.5
Dodging        | |  1.6
Shields        | |  0.7
Translocations | |  2.8

Action                   || total
-------------------------++-------
Melee: Spear             ||   160
       Kick              ||    16
  Use: Scroll            ||     4
  Eat: Chunk             ||     5
Armor: Leather armour    ||    23
       Shadow dragon sca ||    56
       Ring mail         ||    13
Dodge: Dodged            ||    32
Block: Kite shield       ||    40
